 Dungeon Crawl Stone Soup version 0.30-a0-122-g2a1322497e (webtiles) character file.

Game seed: 5851851399058263974

394 ragingrage the Trooper (level 6, -5/51 HPs)
             Began as a Demonspawn Fighter on Sept 15, 2022.
             Was an Initiate of Fedhas.
             Killed by divine providence
             ... invoked by an orc priest
              (16 damage)
             ... on level 4 of the Dungeon.
             The game lasted 00:03:19 (4002 turns).

ragingrage the Trooper (Demonspawn Fighter)         Turns: 4002, Time: 00:03:20

Health: -5/51      AC:  6    Str: 17 (18) XL:     6   Next: 51%
Magic:  6/6        EV:  8    Int:  8 (9)  God:    Fedhas [......]
Gold:   44         SH:  0    Dex: 11 (13) Spells: 5/5 levels left

rFire   + . .      SeeInvis .    h - +1 dagger (venom)
rCold   + . .      Faith    .    c - +1 buckler
rNeg    . . .      Spirit   .    b - +0 scale mail
rPois   .          Reflect  .    (no helmet)
rElec   .          Harm     .    A - scarf {rC+ rF+}
rCorr   .          Rampage  .    (no gloves)
Will    .....                    (no boots)
Stlth   ..........               (no amulet)
HPRegen 0.17/turn                (no ring)
MPRegen 0.10/turn                (no ring)

@: confused
A: hooves 2, demonic magic 1
a: Renounce Religion


You were on level 4 of the Dungeon.
You worshipped Fedhas.
Fedhas was noncommittal.
You visited 2 branches of the dungeon, and saw 5 of its levels.

You collected 114 gold pieces.
You spent 70 gold pieces at shops.

Inventory:

Hand Weapons
 a - a +0 trident
 h - a +1 dagger of venom (weapon)
 w - the +10 dagger of Equivalence {pain, Fragile Fly rElec Int+2 Dex+2}
   (You found it on level 3 of the Dungeon)

   In the hands of one skilled in necromantic magic, it inflicts extra damage on
   living creatures.
   Int:       It affects your intelligence (+2).
   Dex:       It affects your dexterity (+2).
   rElec:     It insulates you from electricity.
   Fly:       It grants you flight.
   Fragile:   It will be destroyed if unequipped.
Missiles
 m - 8 poisoned darts (quivered)
Armour
 b - a +0 scale mail (worn)
 c - a +1 buckler (worn)
 A - a scarf of resistance (worn)
Wands
 t - a wand of flame (17)
 v - a wand of iceblast (12)
 x - a wand of paralysis (3)
Scrolls
 f - 3 scrolls of teleportation
 i - 2 scrolls of fear
 j - a scroll of poison {unknown}
 k - a scroll of silence {unknown}
 l - 2 scrolls of noise {unknown}
 q - 2 scrolls of magic mapping
 r - 3 scrolls of identify
 s - a scroll of vulnerability {unknown}
 y - a scroll of fog
Potions
 d - a potion of might
 e - 3 potions of curing
 g - a potion of degeneration
 n - 2 potions of brilliance
 p - a potion of magic {unknown}
 u - 3 potions of flight {unknown}


   Skills:
 + Level 5.2 Fighting
 + Level 5.0 Polearms
 - Level 2.6 Armour
 - Level 2.6 Shields


You had 5 spell levels left.
You didn't know any spells.
Your spell library was empty.

Dungeon Overview and Level Annotations

Branches:
Dungeon (4/15)             Temple (1/1) D:4

Altars:
Cheibriados
Dithmenos
Fedhas
Gozag
Kikubaaqudgha
Makhleb
Nemelex Xobeh
Okawaru
Qazlal
Ru
Trog
Uskayaw
Vehumet
Wu Jian
Xom
Yredelemnul

Shops:
D:1 =   D:4 ??


Innate Abilities, Weirdness & Mutations

You have hoof-like feet.
Spells you cast may paralyse adjacent enemies.


Message History

You bump into the rock wall.
The orc wizard gestures at you while chanting.
The puff of flame hits you. You resist.
You bump into the rock wall.
The orc wizard points at you and mumbles some strange words.
The puff of flame hits you. You resist.
You bump into the rock wall.
The orc wizard gestures at you while chanting.
You are more confused.
You are too injured to fight recklessly!
You bump into the rock wall.
The orc priest calls down the wrath of Beogh upon you.
Beogh smites you!
* * * LOW HITPOINT WARNING * * *
You're too confused to move!
The orc wizard casts a spell at you. The puff of flame hits you. You resist.
* * * LOW HITPOINT WARNING * * *
You're too confused to move!
You kill the orc wizard!
Fedhas appreciates your contribution to the ecosystem.
The orc priest closely misses you.
Your Polearms skill increases to level 5!
It was a potion of degeneration.
There was something very wrong with that liquid.
You feel weakened.
You feel dopey.
You feel clumsy.
The orc priest hits you but does no damage.
You closely miss the orc priest. You kick the orc priest.
The orc priest is lightly wounded.
You hit the orc but do no damage.
The orc is poisoned.
You kick the orc.
The orc is lightly wounded.
The orc priest hits you with a +0 whip.
* * * LOW HITPOINT WARNING * * *
The orc hits you but does no damage.
You miss the orc.
The orc is lightly wounded.
The orc priest calls down the wrath of Beogh upon you.
Beogh smites you!
You die...
Fedhas appreciates your contribution to the ecosystem.

...... #.#..############# ######
#.#............... ##########
#.#..############# .........#
#...........# # ########.#
###########.# # ########.# #.# #
......##.# #.# # .##.#.##.##
#########.#.######
......##..######@ooK.....#.#...†.
....####...#...#o#########.#.####
#.#.# #..#.#..#.#########.#.#
#.#.# #.#...#.#.#.........#.#
#.#.# ###..∩..##.#.#########.#
#.#.# #..#...#.#.#.# #......#
>.#.# #...#.#..#.#.# #.######
###.# #....#...)...# #.# #.#
#...........## #.#


You could see an orc priest, 2 orcs and a kobold.

Vanquished Creatures
  2 scorpions (D:4)
  A jelly (D:4)
  2 orc wizards (D:4)
  3 gnolls (D:2)
  7 adders
  3 worms
  2 dart slugs
  6 orcs
  7 ball pythons
  7 endoplasms
  3 giant cockroaches
  10 goblins
  10 hobgoblins
  4 jackals (D:4)
  4 kobolds
  A quokka (D:1)
  5 bats
  A frilled lizard (D:3)
  3 rats
81 creatures vanquished.

Notes
Turn   | Place    | Note
-------+----------+-------------------------------------------
     0 | D:1      | ragingrage the Demonspawn Fighter began the quest for the
                  | Orb.
     0 | D:1      | Reached XP level 1. HP: 18/18 MP: 1/1
   336 | D:1      | Gained mutation: Spells you cast may paralyse adjacent
                  | enemies. [demonic ancestry]
   336 | D:1      | Reached XP level 2. HP: 24/24 MP: 2/2
   517 | D:1      | Found Larhits's Jewellery Boutique.
  1370 | D:2      | Gained mutation: You have large cloven feet. [demonic
                  | ancestry]
  1370 | D:2      | Reached XP level 3. HP: 25/29 MP: 3/3
  1812 | D:2      | Reached XP level 4. HP: 30/35 MP: 4/4
  2257 | D:3      | Found a faded altar of an unknown god.
  2276 | D:3      | Identified the +10 dagger of Equivalence {pain, Fragile Fly
                  | rElec Int+2 Dex+2}
  2397 | D:3      | Found a sparkling altar of Nemelex Xobeh.
  2598 | D:3      | Found a basalt altar of Yredelemnul.
  2621 | D:4      | Found Nunu's Magic Scroll Emporium.
  2646 | D:4      | Gained mutation: You have hoof-like feet. [demonic
                  | ancestry]
  2646 | D:4      | Reached XP level 5. HP: 38/42 MP: 5/5
  2651 | D:4      | Bought a scroll of fog for 40 gold pieces
  2651 | D:4      | Bought a scroll of teleportation for 30 gold pieces
  2893 | D:4      | Found Taetsirgh's Magic Scroll Shoppe.
  3265 | D:4      | Reached XP level 6. HP: 49/50 MP: 6/6
  3533 | D:4      | Reached skill level 5 in Fighting
  3651 | D:4      | Found a staircase to the Ecumenical Temple.
  3725 | Temple   | Entered the Ecumenical Temple
  3822 | Temple   | Became a worshipper of Fedhas Madash
  3999 | D:4      | Reached skill level 5 in Polearms
  4002 | D:4      | Killed from afar by an orc priest

Illustrated notes

Levels and vault maps discovered:
D:1:      dpeg_cavernosity, layout_basic, serial_forest,
          infiniplex_forest_lined_room_3, infiniplex_forest_lined_2,
          infiniplex_forest_zigzag_1, infiniplex_forest_lined_3_way,
          infiniplex_forest_clump_double, infiniplex_forest_straight_5,
          infiniplex_forest_end_3, infiniplex_forest_corner_1, serial_shops,
          shop, minmay_split_cup_small
D:2:      layout_basic
D:3:      layout_rooms, mainiacjoe_overflow_swirl,
          hellmonk_ecumenical_altar_run_dry
D:4:      layout_basic, minmay_temple_entry_antechambers, serial_shops,
          nicolae_shop_window_shopping, nicolae_stop_n_shop_1,
          nicolae_diamond_shop
Temple:   eino_narrow_crystal_temple

Skill      XL: |  1  2  3  4  5  6 |
---------------+-------------------+-----
Polearms       | 2 3 4 5 |  5.0
Fighting       | 4 5 |  5.2
Armour         | |  2.6
Shields        | |  2.6

Action                   |  1- 3 |  4- 6 || total
-------------------------+-------+-------++-------
Melee: Trident           |    14 |       ||    14
       Dagger            |    80 |   145 ||   225
       Kick              |     9 |    43 ||    52
Throw: Dart              |     1 |     3 ||     4
  Use: Potion            |       |     4 ||     4
       Scroll            |       |     5 ||     5
Armor: Scale mail        |    48 |    55 ||   103
Dodge: Dodged            |    32 |    49 ||    81
Block: Buckler           |    15 |    22 ||    37

Table legend: (Time is in decaauts)
 A = Elapsed time spent in this place.
 B = Non-inter-level travel time spent in this place.
 C = Inter-level travel time spent in this place.
 D = Time resting spent in this place.
 E = Time spent auto-exploring this place.
 F = Levels seen in this place.
 G = Mean time per level.
                   A        B        C        D        E       F      G
               +--------+--------+--------+--------+--------+-----+--------+
         Total |   4015 |   3866 |    149 |    355 |   2850 |   5 |  803.0 |
       Dungeon |   3902 |   3785 |    117 |    355 |   2780 |   4 |  975.5 |
        Temple |    112 |     81 |     31 |      0 |     70 |   1 |  112.0 |
               +--------+--------+--------+--------+--------+-----+--------+

Top non-repeatable levels by time:
     D:1: 1341 daAuts
     D:4: 1266 daAuts
     D:2: 752 daAuts
     D:3: 541 daAuts
  Temple: 112 daAuts
